 Dungeon Crawl Stone Soup version 0.17-a0-1849-g8a24fa2 (webtiles) character file.

417 Ololoev the Ducker (level 6, -19/32 HPs)
             Began as a Spriggan Abyssal Knight on Sept 18, 2015.
             Was a Follower of Lugonu.
             Demolished by a sun demon (30 damage)
             ... on level 3 of the Abyss.
             The game lasted 00:03:54 (435 turns).

Ololoev the Ducker (Spriggan Abyssal Knight)         Turns: 435, Time: 00:03:54

Health: -19/32     AC:  2    Str: 10    XL:     6   Next: 61%
Magic:  0/8        EV: 22    Int: 13    God:    Lugonu [*.....]
Gold:   53         SH:  0    Dex: 16    Spells: 0 memorised, 5 levels left

rFire  . . .     SeeInvis +     a - +1 spear
rCold  . . .     Clarity  .     b - +0 robe
rNeg   . . .     SustAt   .     (shield restricted)
rPois  .         Gourm    .     (helmet restricted)
rElec  .         Spirit   .     (no cloak)
rCorr  .         Warding  .     (gloves unavailable)
rMut   .         Stasis   .     (boots unavailable)
MR     +....                    (no amulet)
Stlth  ++........               (no ring)
                                (no ring)

@: very quick, somewhat resistant to hostile enchantments, unstealthy
A: unfitting armour, see invisible, herbivore 3, speed 3, slow metabolism 2
a: Depart the Abyss, Renounce Religion


Innate Abilities, Weirdness & Mutations

You are tiny and cannot use many weapons and most armour.
You have supernaturally acute eyesight.
You are a herbivore.
You cover ground extremely quickly.
You need consume almost no food.

Inventory:

Hand weapons
 a - a +1 spear (weapon)
Armour
 b - a +0 robe (worn)
Scrolls
 e - a scroll of noise {unknown}
Potions
 f - a potion of magic {unknown}
Miscellaneous
 d - an ornate deck of summoning {drawn: 9}
Comestibles
 c - a bread ration


   Skills:
 - Level 2.4 Fighting
 * Level 4.0 Polearms
 + Level 7.0 Dodging
 + Level 1.2 Stealth
 - Level 1.7 Invocations
 + Level 2.0 Evocations


You had 5 spell levels left.
You didn't know any spells.


You were on level 3 of the Abyss.
You worshipped Lugonu.
Lugonu was aware of your devotion.
You were not hungry.

You visited 0 branches of the dungeon, and saw 0 of its levels.
You visited the Abyss 1 time.

You collected 53 gold pieces.

## .# # .. #.
. . . . ..
.... . # .
.####..#. ###
. . ..
....###.#.##
.# .. . .
.........# #..
. . #...#.
..## ... ..##.
#.
##†..##.......
# . .
###G....# # #
. . ...
.#...@(##.....
. . .# .
####..3#.. . .
. . . #.#.cy.
. . #. # . .
#.#.#.Z.### .
. # #
.##........ .
# ...
##....##.. .
#.. #. .
....... ##

Notes
Turn   | Place    | Note
--------------------------------------------------------------
     0 | Abyss:1  | Ololoev the Spriggan Abyssal Knight began the quest for the Orb.
     0 | Abyss:1  | Reached XP level 1. HP: 11/11 MP: 3/3
     2 | Abyss:1  | Found a corrupted altar of Lugonu.
    50 | Abyss:2  | Noticed a large abomination
   120 | Abyss:2  | Found a corrupted altar of Lugonu.
   205 | Abyss:2  | Noticed a smoke demon
   215 | Abyss:2  | Noticed a large abomination
   226 | Abyss:2  | Noticed a wasp
   226 | Abyss:2  | Noticed a wasp
   226 | Abyss:2  | Noticed a wasp
   227 | Abyss:2  | Noticed a rust devil
   235 | Abyss:2  | Paralysed by a wasp for 1 turns
   291 | Abyss:2  | Noticed a small abomination
   332 | Abyss:3  | Found a shadowy altar of Dithmenos.
   371 | Abyss:3  | Noticed a small abomination
   379 | Abyss:3  | Noticed an eye of draining
   383 | Abyss:3  | Noticed a golden eye
   383 | Abyss:3  | Killed a small abomination
   383 | Abyss:3  | Reached skill level 4 in Dodging
   383 | Abyss:3  | Reached XP level 2. HP: 5/16 MP: 0/4
   383 | Abyss:3  | Reached XP level 3. HP: 5/19 MP: 0/5
   385 | Abyss:3  | Noticed a golden eye
   385 | Abyss:3  | Noticed a golden eye
   386 | Abyss:3  | Noticed an apocalypse crab
   394 | Abyss:3  | Killed an apocalypse crab
   394 | Abyss:3  | Reached skill level 6 in Dodging
   394 | Abyss:3  | Reached skill level 1 in Evocations
   394 | Abyss:3  | Reached XP level 4. HP: 7/23 MP: 1/6
   394 | Abyss:3  | Reached XP level 5. HP: 8/27 MP: 1/7
   398 | Abyss:3  | Killed a golden eye
   398 | Abyss:3  | Reached XP level 6. HP: 9/32 MP: 1/8
   408 | Abyss:3  | Killed a golden eye
   424 | Abyss:3  | Noticed a sun demon
   424 | Abyss:3  | Killed a golden eye
   424 | Abyss:3  | Reached skill level 7 in Dodging
   424 | Abyss:3  | Reached skill level 1 in Stealth
   430 | Abyss:3  | Noticed a human skeleton
   435 | Abyss:3  | Demolished by a sun demon

Dungeon Overview and Level Annotations

Branches:
Dungeon (0/15)

Altars:


Message History

Evoke which item? (* to show all) (? for menu, Esc to quit)
You draw a card...
It is the Dance.
Your killer bee closely misses the sun demon.
The sun demon hits your yaktaur!
Your yaktaur is engulfed in flames!
Your yaktaur hits the sun demon.
Your killer bee stings the sun demon but does no damage.
Your yaktaur hits the sun demon.
Unknown command.
Your killer bee stings the sun demon but does no damage.
The sun demon completely misses your yaktaur.
Your yaktaur hits the sun demon.
Your killer bee stings the sun demon but does no damage.
The sun demon hits your yaktaur!!
Your yaktaur is engulfed in flames!
Your yaktaur dies!
Your yaktaur's corpse disappears in a puff of smoke!
What do you say? t - Shout!
Orders for allies: a - Attack new target. p - Attack previous target. r - Retreat! s - Stop attacking. w - Wait here. f - Follow me.
Anything else - Stay silent.
Gang up on whom?
Press: ? - help, Dir - move target cursor, f/p - sun demon
Aim: a sun demon (heavily wounded) Attack!
Your killer bee closely misses the sun demon.
Your yaktaur barely misses the sun demon.
Your killer bee stings the sun demon but does no damage.
Your killer bee completely misses the sun demon.
Your enchanted quarterstaff hits the sun demon but does no damage.
Your killer bee stings the sun demon!
The sun demon misses you. The eye of draining gazes at you.
You feel your power leaking away.
Your yaktaur hits the sun demon.
Your killer bee barely misses the sun demon.
Your enchanted quarterstaff completely misses the sun demon.
Your killer bee completely misses the sun demon.
The sun demon hits you!!
Ouch! That really hurt!
You die...

You could see a sun demon, an eye of draining, a human skeleton, a friendly yaktaur, a friendly killer bee and a friendly enchanted quarterstaff.

Vanquished Creatures
  An ufetubus (Abyss:2)
1 creature vanquished.

Vanquished Creatures (collateral kills)
  An apocalypse crab (Abyss:3)
  3 golden eyes (Abyss:3)
  A small abomination (Abyss:3)
5 creatures vanquished.

Grand Total: 6 creatures vanquished

Action                   |  1- 3 |  4- 6 || total
-------------------------+-------+-------++-------
Melee: Spear             |     3 |       ||     3
Evoke: Deck              |     5 |     4 ||     9
 Stab: Distracted        |     1 |       ||     1

Vault maps used:
Abyss:2:  hangedman_abyss_or_decor_stagger, hangedman_abyss_shoalhut
Abyss:3:  abyss_furniture_001
